 Dungeon Crawl Stone Soup version 0.30-b1-2-g02819fbbbe (webtiles) character file.

Game seed: 6635034390659386353

347 Alarkh the Trooper (level 6, 34/48 HPs)
             Began as a Demonspawn Artificer on Nov 23, 2023.
             Got out of the dungeon alive.
             The game lasted 00:03:05 (3113 turns).

Alarkh the Trooper (Demonspawn Artificer)           Turns: 3113, Time: 00:03:06

Health: 34/48      AC:  5    Str: 12 (13) XL:     6   Next: 32%
Magic:  6/6        EV: 11    Int: 14      God:
Gold:   70         SH:  4    Dex: 13      Spells: 5/5 levels left

rFire   . . .        a - +3 dagger (venom)
rCold   . . .        (no shield)
rNeg    . . .        b - +0 leather armour
rPois   .            f - +0 helmet
rElec   .            n - +0 cloak
rCorr   .            (no gloves)
SInv    .            (no boots)
Will    .....        (no amulet)
Stlth   ++           (no ring)
HPRegen 0.28/turn    (no ring)
MPRegen 0.10/turn

%: no passive effects
@: no status effects
A: condensation shield, demonic touch 1
a: no special abilities


You escaped.
You visited 1 branch of the dungeon, and saw 3 of its levels.

You collected 70 gold pieces.

Inventory:

Hand Weapons
 a - a +3 dagger of venom (weapon)
 m - a +0 dagger
Armour
 b - a +0 leather armour (worn)
 f - a +0 helmet (worn)
 n - a +0 cloak (worn)
Magical Staves
 l - a staff of poison
Jewellery
 r - a ring of poison resistance
Wands
 c - a wand of flame (14) (quivered)
 d - a wand of charming (15)
 e - a wand of iceblast (5)
 t - a wand of roots (2)
Scrolls
 g - a scroll of fear {unknown}
 j - a scroll of enchant weapon {unknown}
 p - a scroll of poison {unknown}
 q - 2 scrolls of silence {unknown}
 s - 2 scrolls of immolation {unknown}
 u - 3 scrolls of amnesia {unknown}
 v - 3 scrolls of identify {unknown}
 w - a scroll of brand weapon {unknown}
Potions
 h - a potion of cancellation
 i - 2 potions of degeneration
 k - 2 potions of heal wounds {unknown}
 o - 2 potions of lignification {unknown}
 x - a potion of berserk rage {unknown}


   Skills:
 + Level 3.8 Fighting
 * Level 3.6 Short Blades
 - Level 1.7 Armour
 - Level 0.8 Dodging
 + Level 3.0 Stealth
 - Level 3.0 Evocations


You had 5 spell levels left.
You didn't know any spells.
Your spell library was empty.

Dungeon Overview and Level Annotations

Branches:
Dungeon (3/15)

Altars:
Makhleb

Shops:
D:1 (


Innate Abilities, Weirdness & Mutations

A meltable shield of frost defends you. (SH +4)
Your touch may inflict minor irresistible damage on your foes.


Message History

You feel weakened.
You feel dopey.
You feel clumsy. Something hits you but does no damage.
It was a potion of cancellation.
Your magical effects are unravelling.
You feel magically purged.
You feel less confused.
You closely miss something.
You hear some strange, mumbled words.
A magic dart appears from out of thin air!
The magic dart hits you.
You hit something. Something hits you!
You hit something. Your touch misses something. You hit something.
Your touch misses something. Something hits you.
You hit something. Your touch misses something. Something hits you.
You barely miss something. You hit something.
Reactivating autopickup.
You feel a bit more experienced.
You feel your intelligence returning.
You feel your dexterity returning.
Your Short Blades skill increases to level 3!
Your Stealth skill increases to level 3!
You have reached level 6!
Your demonic ancestry asserts itself...
Frost condenses into a shield before you.
x - a fizzy orange potion
Things that are here:
a +0 scythe; a +0 robe
(D) Dungeon
Where to? (Enter - D:3, ? - help)
What level of the Dungeon? (default 1, ? - help)
There is a stone staircase leading up here.
You climb upwards.
There is a stone staircase leading down here.
There is a stone staircase leading up here.
You climb upwards.
There is a stone staircase leading down here.
There is an open door here.
There is a staircase leading out of the dungeon here.
Are you sure you want to leave the Dungeon?
This will make you lose the game!
You have escaped!

.......................##.#..####
########..........#.#........####
#..######..#.......#......
#....###8'8###....##.#####
#...##≈≈~.~≈≈##......#....
###..##~~~.P.≈≈≈##........##
####.#.##≈~P..8..P~≈##......###
#..#.#.#~~~.......~≈≈#.........
#..#.#.#~P.8..@..8.P~#..#.#.###
#..#...#≈~≈....(..~~~#.........
#..#.####≈~P..8..P~≈##..#......
#..#.##.##~≈~.P.~~~##...#.#.###
#..#.##..##≈~~.~≈≈##....#.#.#
###..#.#....###8+8###.....#...###
.....#.#.###..............#.#....
##...†....................).#....
##..............................


There were no monsters in sight!

Vanquished Creatures
  Sigmund (D:3)
  Crazy Yiuf (D:2)
  Robin (D:2)
  7 adders
  2 worms
  3 dart slugs
  An orc (D:3)
  8 bats
  An endoplasm (D:2)
  3 giant cockroaches
  22 goblins
  7 hobgoblins
  2 jackals (D:1)
  3 kobolds
  6 ball pythons
  2 frilled lizards
  4 rats
74 creatures vanquished.

Notes
Turn   | Place    | Note
-------+----------+-------------------------------------------
     0 | D:1      | Alarkh the Demonspawn Artificer began the quest for the
                  | Orb.
     0 | D:1      | Reached XP level 1. HP: 15/15 MP: 1/1
   119 | D:1      | Gained mutation: Your touch may inflict minor irresistible
                  | damage on your foes. [demonic ancestry]
   119 | D:1      | Reached XP level 2. HP: 22/22 MP: 2/2
   322 | D:1      | Reached skill level 1 in Stealth
   377 | D:1      | Found Nyedoipn's Weapon Emporium.
   593 | D:1      | Reached XP level 3. HP: 26/28 MP: 3/3
   719 | D:1      | Reached skill level 1 in Short Blades
   890 | D:1      | Found a faded altar of an unknown god.
  1153 | D:2      | Noticed Robin
  1179 | D:2      | Reached XP level 4. HP: 23/34 MP: 4/4
  1191 | D:2      | Killed Robin
  1436 | D:2      | Found a runed translucent door.
  1437 | D:2      | Noticed Crazy Yiuf
  1810 | D:2      | Found a burning altar of Makhleb.
  2093 | D:2      | Killed Crazy Yiuf
  2094 | D:2      | Reached XP level 5. HP: 30/41 MP: 5/5
  3056 | D:3      | Noticed Sigmund
  3072 | D:3      | Killed Sigmund
  3073 | D:3      | Gained mutation: A meltable shield of frost defends you.
                  | (SH +4) [demonic ancestry]
  3073 | D:3      | Reached XP level 6. HP: 23/48 MP: 6/6
  3113 | D:$      | Got out of the dungeon alive.

Illustrated notes

Levels and vault maps discovered:
D:1:      lightli_arrival_statuegarden, layout_basic, serial_shops,
          nicolae_shop_bloodbath_and_beyond, dilly_ecumenical_altar_fadedgnrine,
          hangedman_decor_diamond_cutter
D:2:      layout_basic, basic_altar, uniq_crazy_yiuf_cottage, uniq_robin
D:3:      layout_basic, uniq_sigmund

Skill      XL: |  1  2  3  4  5 |
---------------+----------------+-----
Fighting       | 2 3 |  3.8
Stealth        | 1 2 3 |  3.0
Short Blades   | 1 2 3 |  3.6
Armour         | |  1.7
Dodging        | |  0.8
Evocations     | |  3.0

Action                     |  1- 3 |  4- 6 || total
---------------------------+-------+-------++-------
  Melee: Club              |    20 |       ||    20
         Dagger            |   100 |    79 ||   179
         Touch             |    11 |     8 ||    19
  Evoke: Wand              |     1 |       ||     1
    Use: Potion            |       |     2 ||     2
   Stab: Sleeping          |     1 |     4 ||     5
 Armour: Leather armour    |    41 |    22 ||    63
  Dodge: Dodged            |    70 |    21 ||    91
